 Dungeon Crawl Stone Soup version 0.28-a0-1334-g1c9ffb4daf (webtiles) character file.

Game seed: 1644142729916907836

1677 keep the Agent of Entropy (level 8, -1/65 HPs)
             Began as a Demonspawn Abyssal Knight on Dec 28, 2021.
             Was a Priest of Lugonu.
             Slain by a steam dragon (4 damage)
             ... on level 6 of the Dungeon.
             The game lasted 00:25:20 (6043 turns).

keep the Agent of Entropy (DsAK)                    Turns: 6043, Time: 00:25:21

Health: -1/65      AC: 14    Str: 15    XL:     8   Next: 70%
Magic:  12/12      EV:  8    Int: 12    God:    Lugonu [***...]
Gold:   428        SH:  0    Dex: 14    Spells: 2/7 levels left

rFire   . . .      SeeInvis .   n - +8 spear "Guet" {chaos, rC+ rN+ Stlth+}
rCold   + . .      Faith    .   (no shield)
rNeg    + . .      Spirit   .   E - +0 chain mail
rPois   .          Reflect  .   (no helmet)
rElec   .          Harm     .   (no cloak)
rCorr   .          Rampage  .   u - +0 pair of gloves
Will    .....                   j - +1 pair of boots
Stlth   ..........              (no amulet)
HPRegen 0.20/turn               (no ring)
MPRegen 0.13/turn               (no ring)

@: about to teleport
A: rugged brown scales 1, icemail 1, powered by death 1, condensation shield
a: Renounce Religion, Depart the Abyss, Bend Space, Banish


You were on level 6 of the Dungeon.
You worshipped Lugonu.
Lugonu was most pleased with you.
You visited 1 branch of the dungeon, and saw 6 of its levels.
You visited the Abyss 1 time.

You collected 428 gold pieces.

Inventory:

Hand Weapons
 g - a +2 dire flail of protection
 i - a +1 flail of distortion
 n - the +8 spear "Guet" (weapon) {chaos, rC+ rN+ Stlth+}
   (You found it on level 2 of the Dungeon)

   Each time it hits an enemy it has a different, random effect.
   rC:        It protects you from cold.
   rN:        It protects you from negative energy.
   Stlth:     It makes you more stealthy.
 y - a +2 short sword of venom
 A - a +0 shortbow
 F - a +1 trident
 G - a +2 hand axe of freezing
Missiles
 b - 2 silver javelins
 c - 7 boomerangs (quivered)
 k - 35 bolts
 l - 26 poisoned darts
 m - 119 stones
 z - 60 arrows
Armour
 j - a +1 pair of boots (worn)
 u - a +0 pair of gloves (worn)
 E - a +0 chain mail (worn)
Magical Staves
 h - a staff of cold
Wands
 q - a wand of polymorph (6)
 C - a wand of iceblast (5)
Scrolls
 a - a scroll of magic mapping
 e - a scroll of amnesia
 s - a scroll of enchant weapon {unknown}
 t - 2 scrolls of vulnerability
 x - a scroll of teleportation
Potions
 d - a potion of flight
 f - a potion of invisibility {unknown}
 o - a potion of lignification
 p - 3 potions of attraction {unknown}
 r - a potion of might {unknown}
 v - a potion of haste
 w - a potion of magic


   Skills:
 + Level 5.6 Fighting
 + Level 4.8 Long Blades
 - Level 1.6 Polearms
 - Level 1.0 Throwing
 + Level 4.6 Armour
 + Level 4.2 Dodging
 - Level 1.2 Stealth
 - Level 0.2 Shields
 + Level 6.3 Invocations


You had 2 spell levels left.
You knew the following spells:

 Your Spells              Type           Power      Damage    Failure   Level
a - Summon Small Mammal   Summ           0%         N/A       99%         1
b - Olgreb's Toxic Radia  Pois           0%         N/A       100%        4

Your spell library contained the following spells:

 Spells                   Type           Power      Damage    Failure   Level
 Animate Skeleton         Necr           0%         N/A       99%         1
 Apportation              Tloc           0%         N/A       99%         1
 Summon Lightning Spire   Summ/Air       0%         N/A       100%        4
 Dispersal                Tloc           0%         N/A       100%        6
 Ozocubu's Refrigeration  Ice            0%         4d5       100%        7
 Storm Form               Tmut/Air       0%         N/A       100%        7
 Disjunction              Tloc           0%         N/A       100%        8
 Ignition                 Fire           0%         3d3       100%        8
 Maxwell's Capacitive Co  Air            0%         ∞         100%        8


Dungeon Overview and Level Annotations

Branches:
Dungeon (6/15)             Temple (0/1) D:4

Altars:
Vehumet

Annotations:
D:4 1 runed translucent door, vejb's ghost, amateur SpEn


Innate Abilities, Weirdness & Mutations

You are partially covered in rugged brown scales. (AC +1, +3% HP)
A meltable icy envelope protects you from harm. (AC +0)
You regenerate a little health from kills.
A meltable shield of frost defends you. (SH +0)


Message History

The sky beast dies!
The steam dragon breathes steam at you. The ball of steam hits you!
The steam dragon closely misses you. The steam dragon barely misses you.
The steam dragon bites you but does no damage.
The steam dragon claws you but does no damage.
Throw: 7 boomerangs
Press: ? - help, Q - select action, (/) - cycle Shift-Dir - straight line, f - steam dragon
Aim: a steam dragon (lightly wounded, fast, 59% to hit)
Okay, then.
Aiming: Iceblast
Press: ? - help, Shift-Dir - straight line The mass of ice explodes!
The iceblast engulfs the steam dragon!
The steam dragon is heavily wounded.
The steam dragon breathes steam at you. The ball of steam hits you!
The steam dragon bites you but does no damage.
The steam dragon claws you.
* * * LOW HITPOINT WARNING * * *
The steam dragon bites you.
* * * LOW HITPOINT WARNING * * *
The steam dragon barely misses you. The steam dragon bites you.
* * * LOW HITPOINT WARNING * * *
The steam dragon claws you but does no damage.
The steam dragon closely misses you.
The steam dragon claws you but does no damage.
You barely miss the steam dragon.
The steam dragon is heavily wounded.
The steam dragon bites you but does no damage.
The steam dragon claws you but does no damage.
As you read the scroll of teleportation, it crumbles to dust.
You feel strangely unstable. The steam dragon breathes steam at you.
The ball of steam hits you!
* * * LOW HITPOINT WARNING * * *
The steam dragon bites you but does no damage.
The steam dragon barely misses you. The steam dragon barely misses you.
The steam dragon claws you.
You die...

........##<###.##
###.....#..##...#####
#.##.D......#.....#
###.#####.###...## .....
.# ##...# ###.. .# ###.#
#..# .######.#######.. #
#..# #.#......D........
.....####.#.....@§.<...###
. .....#..#.#.##.##.# .
.......#.#.# .# # #
#..#.##.#.# .# #
#..#.##.#.# .# #
#.......#.# .# ####.#
#.##.####>##.## ###
.....###....####.#...#.
.). ####..............# .
#.#


You could see a steam dragon (fast).

Vanquished Creatures
  Menkaure (D:5)
  Edmund (D:4)
  3 black bears
  2 sky beasts
  A necrophage (D:6)
  A centaur (D:5)
  A water moccasin skeleton (D:5)
  3 wights (D:6)
  A centaur skeleton (D:4)
  2 hounds
  3 jellies
  An orc priest (D:5)
  Jessica (D:2)
  A scorpion zombie (D:5)
  3 iguanas
  2 orc wizards
  A hound skeleton (D:3)
  7 adders
  A white imp (D:5)
  2 dart slugs (D:1)
  14 orcs
  15 ball pythons
  5 endoplasms
  A giant cockroach (D:1)
  4 goblins
  5 hobgoblins
  4 quokkas (D:3)
  5 bats
  A frilled lizard (D:1)
  6 kobolds
  6 rats
104 creatures vanquished.

Vanquished Creatures (others)
  A sky beast (D:6)
1 creature vanquished.

Grand Total: 105 creatures vanquished

Notes
Turn   | Place    | Note
-------+----------+-------------------------------------------
     0 | Abyss:1  | keep the Demonspawn Abyssal Knight began the quest for the
                  | Orb.
     0 | Abyss:1  | Reached XP level 1. HP: 18/18 MP: 2/2
    97 | Abyss:2  | Found a corrupted altar of Lugonu.
   123 | Abyss:2  | Noticed a raiju
   124 | Abyss:2  | Noticed a rust devil
   129 | D:1      | Escaped the Abyss
   365 | D:1      | Gained mutation: You are partially covered in rugged brown
                  | scales. (AC +1, +3% HP) [demonic ancestry]
   365 | D:1      | Reached XP level 2. HP: 17/24 MP: 4/4
   505 | D:1      | Reached * piety under Lugonu
  1068 | D:2      | Reached XP level 3. HP: 21/29 MP: 5/5
  1204 | D:2      | Reached skill level 1 in Dodging
  1214 | D:2      | Identified the +8 spear "Guet" {chaos, rC+ rN+ Stlth+}
  1300 | D:2      | Noticed Jessica
  1306 | D:2      | Killed Jessica
  1736 | D:2      | Gained mutation: A meltable shield of frost defends you.
                  | (SH +0) [demonic ancestry]
  1736 | D:2      | Reached XP level 4. HP: 30/36 MP: 6/6
  2114 | D:2      | Reached ** piety under Lugonu
  2257 | D:3      | Reached skill level 1 in Polearms
  2517 | D:3      | Reached skill level 1 in Stealth
  2517 | D:3      | Reached XP level 5. HP: 41/42 MP: 7/7
  2611 | D:3      | Learned a level 1 spell: Summon Small Mammal
  3126 | D:4      | Found a staircase to the Ecumenical Temple.
  3169 | D:4      | Reached skill level 1 in Throwing
  3221 | D:4      | Found a runed translucent door.
  3224 | D:4      | Noticed vejb's ghost (amateur SpEn)
  3306 | D:4      | Noticed Edmund
  3340 | D:4      | Killed Edmund
  3341 | D:4      | Reached skill level 3 in Invocations
  3341 | D:4      | Gained mutation: A meltable icy envelope protects you from
                  | harm. (AC +0) [demonic ancestry]
  3341 | D:4      | Reached XP level 6. HP: 8/49 MP: 8/8
  3904 | D:4      | Learned a level 4 spell: Olgreb's Toxic Radiance
  4109 | D:5      | Entered Level 5 of the Dungeon
  4298 | D:5      | Noticed Menkaure
  4306 | D:5      | Killed Menkaure
  4307 | D:5      | Reached skill level 4 in Invocations
  4307 | D:5      | Reached XP level 7. HP: 32/55 MP: 8/10
  4485 | D:5      | Found a radiant altar of Vehumet.
  4910 | D:5      | Reached skill level 5 in Invocations
  5071 | D:5      | Reached skill level 5 in Fighting
  5071 | D:5      | Gained mutation: You regenerate a little health from kills.
                  | [demonic ancestry]
  5071 | D:5      | Reached XP level 8. HP: 56/63 MP: 11/11
  5206 | D:6      | Reached *** piety under Lugonu
  5491 | D:6      | Reached skill level 6 in Invocations
  5505 | D:6      | HP: 2/64 [steam dragon (4)]
  6042 | D:6      | HP: 3/65 [steam dragon/ball of steam (11)]
  6043 | D:6      | Slain by a steam dragon

Illustrated notes

Levels and vault maps discovered:
D:1:      wander_arrival_abandoned_jail, layout_loops_ring,
          ebering_dispersal_statue_hall
D:2:      layout_rooms, minmay_snake_closets, uniq_jessica
D:3:      layout_loops_ring, roderic_roman_lattice
D:4:      layout_rooms, minmay_temple_entry_glass, ebering_ghost_sewer_d,
          hex_tiny, uniq_edmund
D:5:      layout_loops_ring, overflow_temple_1_default, uniq_menkaure
D:6:      layout_loops_ring

Skill      XL: |  1  2  3  4  5  6  7  8 |
---------------+-------------------------+-----
Long Blades    | 2 3 4 |  4.8
Armour         | 2 3 4 |  4.6
Dodging        | 1 2 3 4 |  4.2
Polearms       | 1 |  1.6
Stealth        | 1 |  1.2
Throwing       | 1 |  1.0
Invocations    | 3 4 5 6 |  6.3
Fighting       | 4 5 |  5.6
Shields        | |  0.2

Action                   |  1- 3 |  4- 6 |  7- 9 || total
-------------------------+-------+-------+-------++-------
Melee: Falchion          |    64 |       |       ||    64
       Spear             |    17 |   113 |   124 ||   254
Throw: Boomerang         |    17 |    20 |    19 ||    56
Invok: Depart the Abyss  |     1 |       |       ||     1
Evoke: Wand              |       |       |     3 ||     3
  Use: Scroll            |     3 |    12 |     4 ||    19
       Potion            |       |     3 |     1 ||     4
 Stab: Sleeping          |     1 |     7 |       ||     8
Armor: Leather armour    |    34 |    15 |       ||    49
       Scale mail        |       |    31 |    62 ||    93
       Chain mail        |       |       |    50 ||    50
Dodge: Dodged            |    57 |    50 |    67 ||   174
Block: Other             |       |    27 |    24 ||    51

Table legend: (Time is in decaauts)
 A = Elapsed time spent in this place.
 B = Non-inter-level travel time spent in this place.
 C = Inter-level travel time spent in this place.
 D = Time resting spent in this place.
 E = Time spent auto-exploring this place.
 F = Levels seen in this place.
 G = Mean time per level.
                   A        B        C        D        E       F      G
               +--------+--------+--------+--------+--------+-----+--------+
         Total |   6085 |   5955 |    130 |   1298 |   2791 |   8 |  760.6 |
       Dungeon |   5956 |   5826 |    130 |   1298 |   2791 |   6 |  992.7 |
         Abyss |    128 |    128 |      0 |      0 |      0 |   2 |   64.0 |
               +--------+--------+--------+--------+--------+-----+--------+

Top non-repeatable levels by time:
     D:2: 1229 daAuts
     D:5: 1066 daAuts
     D:4: 1024 daAuts
     D:1: 909 daAuts
     D:6: 874 daAuts
     D:3: 850 daAuts
 Abyss:1: 97 daAuts
 Abyss:2: 31 daAuts
